Map: Dusk Towers

Players

IamDrizzt

  • Race: Protoss Protoss
  • League: Diamond

MorN - Winner!

  • Race: Terran Terran
  • League: Platinum

VOD

Have the link to the VOD?

Description

Time

  • Played on: Nov. 11, 2015, 10:10 p.m.
  • Length: 9:21
Show
View Real Time Build Order
Export as new Build Order

IamDrizzt Protoss 

Build Orders:  

Get SALT Encoding   

  12  0:01  Probe (Chrono Boost)  
  13  0:11  Probe (Chrono Boost)  
  14  0:22  Probe (Chrono Boost), Pylon  
  15  0:40  Probe (Chrono Boost)  
  16  0:42  Gateway  
  16  0:50  Probe (Chrono Boost)  
  16  0:56  Assimilator  
  17  1:01  Probe (Chrono Boost)  
  18  1:11  Probe (Chrono Boost)  
  18  1:12  Pylon  
  19  1:22  Probe (Chrono Boost)  
  20  1:31  Cybernetics Core  
  21  1:33  Probe (Chrono Boost)  
  21  1:43  Probe (Chrono Boost)  
  22  1:55  Probe (Chrono Boost)  
  22  1:58  Nexus  
  23  2:01  Pylon  
  23  2:05  Probe (Chrono Boost)  
  23  2:07  Adept  
  26  2:11  Warp Gate  
  26  2:16  Assimilator  
  26  2:19  Probe (Chrono Boost)  
  29  2:30  Mothership Core (Chrono Boost)  
  27  3:06  Robotics Facility  
  27  3:12  Probe (Chrono Boost)  
  28  3:18  Probe (Chrono Boost)  
  29  3:22  Probe (Chrono Boost)  
  30  3:32  Probe (Chrono Boost)  
  30  3:33  Probe (Chrono Boost)  
  32  3:34  Pylon  
  32  3:43  Probe x2 (Chrono Boost)  
  32  3:47  Forge  
  34  3:52  Probe (Chrono Boost), Pylon  
  34  3:54  Probe (Chrono Boost), Observer (Chrono Boost)  
  35  4:13  Probe  
  35  4:14  Probe  
  36  4:24  Probe  
  36  4:26  Gateway  
  36  4:27  Probe, Gateway  
  36  4:29  Protoss Ground Weapons Level 1 (Chrono Boost)  
  38  4:34  Probe, Observer  
  40  4:39  Probe  
  40  4:45  Probe  
  41  4:51  Probe  
  43  4:55  Probe, Pylon  
  44  5:03  Probe, Robotics Bay  
  44  5:06  Probe  
  45  5:08  Assimilator  
  45  5:10  Assimilator  
  45  5:13  Photon Cannon  
  46  5:15  Probe (Chrono Boost)  
  46  5:17  Probe (Chrono Boost)  
  48  5:24  Photon Cannon  
  48  5:27  Probe (Chrono Boost), Observer  
  50  5:29  Probe (Chrono Boost)  
  50  5:34  Pylon  
  51  5:38  Probe (Chrono Boost)  
  51  5:39  Probe (Chrono Boost)  
  51  5:41  Gateway  
  53  5:48  Probe (Chrono Boost), Warp Prism  
  44  6:10  Probe x2 (Chrono Boost)  
  46  6:20  Probe x2 (Chrono Boost)  
  46  6:22  Pylon  
  48  6:29  Protoss Ground Armor Level 1 (Chrono Boost)  
  48  6:30  Probe (Chrono Boost)  
  48  6:31  Probe (Chrono Boost)  
  48  6:32  Pylon  
  50  6:40  Probe, Disruptor (Chrono Boost)  
  50  6:42  Probe  
  55  6:50  Probe  
  56  6:54  Probe  
  57  7:02  Stalker  
  57  7:03  Stalker x2  
  57  7:04  Stalker  
  65  7:15  Probe  
  66  7:18  Nexus  
  66  7:24  Pylon  
  65  7:32  Photon Cannon  
  65  7:46  Gateway  
  65  7:49  Gateway  
  65  7:50  Disruptor (Chrono Boost)  
  68  7:54  Gateway  
  68  7:56  Gateway  
  68  7:58  Stalker x2  
  72  8:00  Sentry x2  
  72  8:01  Gateway  
  76  8:22  Stalker x2, Disruptor (Chrono Boost)  
  81  8:42  Photon Cannon  
  81  8:47  Photon Cannon  
  81  8:50  Stalker x2  
  81  8:55  Pylon  
  85  8:57  Pylon  
Show
View Real Time Build Order
Export as new Build Order

MorN Terran - Winner!

Build Orders: Reaper Expand, MMM Bio 

Get SALT Encoding   

  12  0:01  SCV  
  13  0:13  SCV  
  14  0:17  Supply Depot  
  14  0:25  SCV  
  15  0:39  SCV  
  15  0:42  Barracks  
  16  0:47  Refinery  
  16  0:51  SCV  
  17  1:03  SCV  
  18  1:16  SCV  
  19  1:29  Orbital Command  
  19  1:32  Reaper  
  20  1:43  Command Center  
  20  1:57  SCV  
  20  1:58  Supply Depot  
  21  2:13  Barracks Reactor, SCV  
  22  2:25  SCV, Factory  
  23  2:38  SCV  
  24  2:56  Marine x2  
  24  2:57  SCV, Orbital Command  
  27  3:02  Command Center  
  27  3:09  SCV  
  27  3:12  Starport, Widow Mine  
  30  3:31  Marine x2  
  30  3:33  SCV  
  33  3:40  Widow Mine  
  33  3:41  SCV  
  36  3:44  Supply Depot  
  36  3:45  SCV  
  37  3:49  Marine x2  
  37  3:55  SCV  
  40  3:57  SCV  
  41  4:07  Marine x2  
  42  4:17  Widow Mine  
  42  4:18  Medivac  
  42  4:19  Orbital Command  
  42  4:21  SCV x2  
  48  4:25  Marine x2  
  48  4:29  Refinery  
  50  4:31  Barracks x2  
  50  4:32  Engineering Bay  
  50  4:33  SCV x2  
  50  4:34  Refinery  
  50  4:35  Refinery  
  52  4:45  SCV, Marine  
  53  4:46  Marine  
  53  4:47  Factory Tech Lab  
  55  4:56  SCV x2  
  57  5:00  SCV  
  57  5:01  Medivac  
  60  5:16  SCV x2  
  60  5:18  SCV, Factory Reactor  
  60  5:19  Terran Infantry Weapons Level 1  
  60  5:21  Missile Turret  
  63  5:22  Barracks Reactor, Barracks Tech Lab  
  63  5:25  Stimpack  
  63  5:27  Marauder  
  66  5:28  SCV x2  
  66  5:32  SCV  
  66  5:34  Starport Reactor  
  68  5:35  Marine  
  68  5:40  Supply Depot  
  69  5:56  SCV  
  69  6:00  Marine  
  69  6:01  Marauder  
  69  6:02  SCV  
  69  6:03  SCV, Marine x2  
  73  6:08  SCV, Barracks  
  73  6:10  Supply Depot, Barracks, Medivac x2  
  76  6:18  Marine  
  74  6:21  Marine  
  74  6:22  Combat Shields  
  74  6:24  SCV  
  77  6:27  Supply Depot  
  77  6:31  Supply Depot x3, Widow Mine x2  
  77  6:32  Marauder x2  
  85  6:42  Supply Depot  
  85  6:48  SCV, Marine x2  
  85  6:49  Medivac x2  
  85  6:50  Orbital Command  
  85  6:54  Marauder x2  
  96  6:58  Barracks Reactor, Barracks Tech Lab  
  96  7:06  Reaper, Marine  
  98  7:08  Widow Mine x2  
  98  7:15  Marauder x2  
  106  7:17  Barracks  
  106  7:19  Barracks x2  
  106  7:20  Marine  
  106  7:24  SCV x2, Marine  
  106  7:25  SCV  
  110  7:32  Armory, Engineering Bay  
  110  7:36  Marine x2  
  112  7:38  Medivac, Marine x2  
  112  7:39  Marine, Marauder, Medivac  
  112  7:41  Marine  
  122  7:48  Concussive Shells, Widow Mine  
  122  7:49  SCV  
  125  8:00  Widow Mine  
  125  8:01  Supply Depot, Marauder, SCV, Marine x3  
  125  8:03  Supply Depot  
  133  8:08  Barracks Reactor x2, Barracks Tech Lab  
  133  8:10  Marine  
  133  8:17  SCV  
  133  8:21  SCV  
  133  8:22  Marauder x2, Marine x2  
  133  8:23  Marauder  
  141  8:28  Marine x2  
  141  8:29  Marauder  
  141  8:31  Marine  
  146  8:40  Marine x2  
  148  8:46  Marine  
Tags
 
Composition
MMM Bio
Matchup
PvT
Replay Pack
MorN pack 1
Add a new tag
Caveats
  • Supply blocks, unpowered buildings, or Contaminate may cause inaccurate times.
  • Supply counts are checked every 10 seconds.